 Dungeon Crawl Stone Soup version 0.30.1-11-g7821555f0a (webtiles) character file.

Game seed: 62660205640816033

229 RancidPinata the Sneak (level 6, 0/43 HPs)
             Began as an Octopode Delver on Dec 28, 2023.
             Slain by a gnoll
             ... wielding a +0 halberd
             ... led by a gnoll bouda
              (15 damage)
             ... on level 5 of the Dungeon on Dec 29, 2023.
             The game lasted 00:21:04 (4728 turns).

RancidPinata the Sneak (Octopode Delver)            Turns: 4728, Time: 00:21:05

Health: 0/43       AC:  1    Str: 14    XL:     6   Next: 3%
Magic:  6/6        EV: 13    Int: 12    God:
Gold:   312        SH:  0    Dex: 13    Spells: 5/5 levels left

rFire   . . .        f - +1 sling (freeze)
rCold   . . .        (no shield)
rNeg    . . .        (helmet restricted)
rPois   .            (no amulet)
rElec   .            m - ring of see invisible
rCorr   .            (no ring)
SInv    +            (no ring)
Will    .....        (no ring)
Stlth   +++++        (no ring)
HPRegen 0.27/turn    (no ring)
MPRegen 0.10/turn    (no ring)
                     (no ring)

%: no passive effects
@: no status effects
A: almost no armour, amphibious, 8 rings, camouflage 1, gelatinous body 1,
(nimble swimmer 1), tentacles
a: no special abilities


You were on level 5 of the Dungeon.
You visited 1 branch of the dungeon, and saw 6 of its levels.

You collected 312 gold pieces.

Inventory:

Hand Weapons
 f - a +1 sling of freezing (weapon)
 r - a +0 spear
Missiles
 a - a throwing net
 j - 7 poisoned darts
 l - 27 stones
Jewellery
 m - a ring of see invisible (left tentacle)
Wands
 i - a wand of digging (3)
 p - a wand of iceblast (8)
Scrolls
 b - a scroll of fog
 c - a scroll of magic mapping
 d - 2 scrolls of fear
 k - 4 scrolls of identify {unknown}
 n - 3 scrolls of immolation {unknown}
 q - a scroll of torment {unknown}
 t - a scroll of vulnerability {unknown}
 w - a scroll of enchant weapon {unknown}
 y - a scroll of enchant armour {unknown}
Potions
 e - 2 potions of haste
 g - a potion of attraction {unknown}
 h - a potion of brilliance {unknown}
 o - a potion of mutation {unknown}
 s - a potion of cancellation {unknown}
 u - 2 potions of might {unknown}
 v - 3 potions of curing {unknown}
 x - a potion of magic {unknown}
 z - a potion of invisibility {unknown}
 A - 2 potions of lignification {unknown}


   Skills:
 * Level 4.2 Fighting
 + Level 3.1 Polearms
 * Level 2.2 Ranged Weapons
 + Level 3.0 Dodging
 + Level 7.4 Stealth


You had 5 spell levels left.
You didn't know any spells.
Your spell library contained the following spells:

 Spells                   Type           Power      Damage    Failure   Level
 Kiss of Death            Conj/Necr      0%         2d5       32%         1
 Confusing Touch          Hex            0%         N/A       69%         3
 Dispel Undead            Necr           0%         3d6       97%         4
 Petrify                  Tmut/Erth      0%         N/A       97%         4
 Metabolic Englaciation   Hex/Ice        0%         N/A       100%        5
 Statue Form              Tmut/Erth      0%         N/A       100%        6


Dungeon Overview and Level Annotations

Branches:
Dungeon (6/15)
 Temple: D:4-7

Altars:
Fedhas
Hepliaklqana
Okawaru
Trog


Innate Abilities, Weirdness & Mutations

You cannot wear most types of armour.
You are amphibious.
You can wear up to eight rings at the same time.
Your skin changes colour to match your surroundings (Stealth+).
Your rubbery body absorbs attacks. (AC +1, EV +1)
((You are camouflaged when in or above water. (Stealth+)))
You have tentacles for arms and can constrict up to eight enemies at once.


Message History

Aim: a gnoll, wielding a +0 halberd (heavily wounded, 63% to hit)
You shoot a sling bullet. The sling bullet hits the gnoll.
The sling bullet freezes the gnoll.
The gnoll is severely wounded.
The gnoll barely misses you.
Fire: f) +1 sling (freeze)
Press: ? - help, Q - select action, (/) - cycle Shift-Dir - straight line, f/p - gnoll
Aim: a gnoll, wielding a +0 halberd (severely wounded, 63% to hit)
You shoot a sling bullet.
The sling bullet closely misses the gnoll.
The gnoll hits you from afar with a +0 halberd!
The gnoll misses you.
Fire: f) +1 sling (freeze)
Press: ? - help, Q - select action, (/) - cycle Shift-Dir - straight line, f/p - gnoll
Aim: a gnoll, wielding a +0 halberd (severely wounded, 63% to hit)
You shoot a sling bullet. The sling bullet hits the gnoll.
The sling bullet freezes the gnoll.
The gnoll is almost dead.
The gnoll closely misses you.
Fire: f) +1 sling (freeze)
Press: ? - help, Q - select action, (/) - cycle Shift-Dir - straight line, f/p - gnoll
Aim: a gnoll, wielding a +0 halberd (almost dead, 63% to hit)
You shoot a sling bullet.
The sling bullet hits the gnoll but does no damage.
The gnoll is almost dead.
The gnoll misses you.
Fire: f) +1 sling (freeze)
Press: ? - help, Q - select action, (/) - cycle Shift-Dir - straight line, f/p - gnoll
Aim: a gnoll, wielding a +0 halberd (almost dead, 63% to hit)
You shoot a sling bullet.
The sling bullet barely misses the gnoll.
The gnoll misses you.
The gnoll hits you from afar with a +0 halberd!
Fire: f) +1 sling (freeze)
Press: ? - help, Q - select action, (/) - cycle Shift-Dir - straight line, f/p - gnoll
Aim: a gnoll, wielding a +0 halberd (almost dead, 63% to hit)
You shoot a sling bullet.
The sling bullet closely misses the gnoll.
The gnoll hits you from afar with a +0 halberd!
You die...

.### #.# #.# #....... .# #.# #.#
####.### .# #.# #.# #.# # .## #.#
##.######.# # ..# #.#
##g........# # #.# #.#
##.....######## ..# ##.##
##.......## ##.
.##########...####g........####..
..g.............@'.........'.....
.####.#####...####.........####..
.## #.# ####.## ##.......###....
..# #.###.##.# ##.....## #g###
#.###.##.#.#.#### ##...## #.#..
......#.###.....# ###'.### #.#.#
#.####.## ##.##.####......###...#
#.# #.## ##.#..#..............#
#.# ##.## ##.##.#..≈.≈≈≈.≈≈≈g≈...


You could see 2 gnolls.

Vanquished Creatures
  Robin (D:3)
  3 gnolls (D:3)
  9 adders
  2 worms
  6 dart slugs
  3 orcs
  6 ball pythons
  3 bats
  12 endoplasms
  5 giant cockroaches
  13 goblins
  2 hobgoblins
  7 jackals
  A quokka (D:4)
  2 frilled lizards (D:1)
  8 kobolds
  8 rats
91 creatures vanquished.

Notes
Turn   | Place    | Note
-------+----------+-------------------------------------------
     0 | D:5      | RancidPinata the Octopode Delver began the quest for the
                  | Orb.
     0 | D:5      | Reached XP level 1. HP: 16/16 MP: 1/1
     9 | D:6      | Noticed a sleepcap
   103 | D:6      | Noticed a lemure
   103 | D:6      | Noticed a lemure
   155 | D:6      | Noticed a jelly
   178 | D:6      | Noticed a centaur
   227 | D:5      | Reached XP level 2. HP: 7/21 MP: 2/2
   502 | D:5      | Found a bloodstained altar of Trog.
   510 | D:5      | Found a hazy altar of Hepliaklqana.
   786 | D:4      | Reached XP level 3. HP: 26/26 MP: 3/3
   893 | D:4      | Reached skill level 7 in Stealth
  1473 | D:4      | Found an iron altar of Okawaru.
  1854 | D:3      | Reached skill level 1 in Ranged Weapons
  1854 | D:3      | Reached XP level 4. HP: 31/31 MP: 4/4
  1992 | D:3      | Noticed Robin
  2654 | D:2      | Reached XP level 5. HP: 30/37 MP: 5/5
  4441 | D:3      | Found a blossoming altar of Fedhas.
  4495 | D:3      | Killed Robin
  4496 | D:3      | Reached XP level 6. HP: 31/43 MP: 6/6
  4728 | D:5      | Slain by a gnoll

Illustrated notes

Levels and vault maps discovered:
D:1:      dpeg_arrival_short_road, layout_basic, nicolae_eternal_life,
          grunt_decor_arrowhead, minmay_splitting_lines
D:2:      layout_loops_ring, skrybe_limestone_x, grunt_ministairs_5,
          minmay_ruptured
D:3:      layout_rooms, fedhas_altar_fruit_tree, uniq_robin
D:4:      layout_layer_cave, mainiacjoe_overflow_alcove_2,
          grunt_decor_one_mirror, kennysheep_generic_room_3
D:5:      layout_loops_corners, mainiacjoe_overflow_large_starburst
D:6:      layout_basic, minmay_misc_feat_secret_circle,
          nicolae_fountain_basement, uniq_edmund, uniq_pikel, uniq_grinder

Skill      XL: |  1  2  3  4  5 |
---------------+----------------+-----
Stealth        | 7 |  7.4
Ranged Weapons | 1 2 |  2.2
Polearms       | 3 |  3.1
Fighting       | 4 |  4.2
Dodging        | 3 |  3.0

Action                     |  1- 3 |  4- 6 || total
---------------------------+-------+-------++-------
  Melee: Spear             |    14 |       ||    14
         Tentacles         |     6 |       ||     6
         Constrict         |     5 |       ||     5
   Fire: Sling             |    40 |   196 ||   236
   Stab: Sleeping          |     2 |       ||     2
 Armour: Skin              |     2 |     8 ||    10
  Dodge: Dodged            |    17 |   101 ||   118
